Cogmind - Beta 13 X2 @@@ ROGUE MODE // 2024.01.16 @ 08:57:06 Player: Minty Result: Destroyed by S-10 Pest with Light Assault Rifle Performance ------------- Evolutions (0) 0 Regions Visited (1) 200 Robots Destroyed (7) 35 Value Destroyed (72) 72 Prototype IDs (0) 0 Alien Tech Used (0) 0 Bonus (0) 0 TOTAL SCORE: 307 Bonus ------- None Cogmind --------- Core Integrity 0/250 Matter 300/300 Energy 99/100 System Corruption 0% Temperature Cool (0) Movement Core (50) Location -10/Materials Parts ------- > --- POWER (1) -------- (None) > --- PROPULSION (2) --- (None) > --- UTILITY (2) ------ Visual Processing Unit > --- WEAPON (2) ------- (None) > --- INVENTORY (5) ---- Ion Engine Structural Scanner Structural Scanner Sensor Array Assault Rifle Peak State ------------ > --- POWER ------------ Ion Engine > --- PROPULSION ------- Aluminum Leg Aluminum Leg > --- UTILITY ---------- Small Storage Unit Visual Processing Unit > --- WEAPON ----------- EM Pulse Gun Assault Rifle > --- INVENTORY -------- Light Ion Engine Light Treads Light Treads Wheel Wheel Medium Laser [Rating: 8] Favorites ----------- Power Ion Engine Engine Ion Engine Propulsion Aluminum Leg Leg Aluminum Leg Utility Small Storage Unit Storage Small Storage Unit Processor Visual Processing Unit Weapon EM Pulse Gun Energy Gun EM Pulse Gun Ballistic Gun Assault Rifle Build | -11 -10 ------- Run | Yrd Mat Slots Evolved . | . . Power . | . . Propulsion . | . . Utility . | . . Weapon . | . . Parts Attached 3 | . 3 Power . | . . Engine . | . . Core . | . . Reactor . | . . Propulsion . | . . Treads . | . . Leg . | . . Wheel . | . . Hover . | . . Flight . | . . Utility 1 | . 1 Device . | . . Storage . | . . Processor 1 | . 1 Hackware . | . . Protection . | . . Artifact . | . . Weapon 2 | . 2 Energy Gun 2 | . 2 Energy Cannon . | . . Ballistic Gun . | . . Ballistic Cannon . | . . Launcher . | . . Special Weapon . | . . Impact Weapon . | . . Slashing Weapon . | . . Piercing Weapon . | . . Special Melee Weapon . | . . Unidentified Prototypes . | . . Parts Lost 5 | . 5 Power 1 | . 1 Propulsion 2 | . 2 Utility . | . . Weapon 2 | . 2 Highest Loss Streak 5 | . 5 To Critical Strikes . | . . Average Slot Usage (%) 91 | . 91 Engine 12 | . 12 Leg 26 | . 26 Storage 14 | . 14 Processor 10 | . 10 Energy Gun 14 | . 14 Ballistic Gun 12 | . 12 Naked Turns . | . . Heaviest Build 14 | 14 14 Greatest Support 20 | 20 20 Greatest Overweight (x) . | . . Average Overweight (x) . | . . Largest Inventory Capacity 8 | . 8 Average Capacity 7 | . 7 Most Carried 8 | . 8 Average Carried 7 | . 7 Final Capacity 8 | 8 5 Final Carried 6 | 6 5 Class Distribution -------------------- 100% | Mutant Dominant Class ---------------- Mutant | -10/Materials Resources | -11 -10 ----------- Run | Yrd Mat Matter Collected 237 | 200 37 Remotely . | . . Salvage Created 150 | . 150 Parts 11 | . 11 Haulers Intercepted 2 | . 2 Recyclers Shooed 1 | . 1 Parts Field Recycled . | . . Retrieved Matter . | . . Parts Self-Destructed . | . . Prevented . | . . Kills | -11 -10 ------- Run | Yrd Mat Combat Hostiles Destroyed 2 | . 2 Guns 2 | . 2 Classes Destroyed 4 | . 4 Hauler 2 | . 2 Operator 1 | . 1 Watcher 2 | . 2 Swarmer 2 | . 2 Best Kill Streak 4 | . 4 Combat Bots Only 2 | . 2 Max Kills in Single Turn 2 | . 2 Gunslinging . | . . Exploded . | . . Melee . | . . Uniques/NPCs Destroyed . | . . Combat | -11 -10 -------- Run | Yrd Mat Hostile Shots Fired 117 | . 117 Missed 27 | . 27 Damage Taken 838 | . 838 Core 257 | . 257 Absorbed by Shields . | . . Core Remaining (%) 100 | 100 . Volleys Fired 17 | . 17 Largest 2 | . 2 Hottest 100 | . 100 Shots Fired 34 | . 34 Gun 34 | . 34 Cannon . | . . Launcher . | . . Special . | . . Kinetic 14 | . 14 Thermal 6 | . 6 Explosive . | . . Electromagnetic 14 | . 14 Robot Hit Streak 5 | . 5 Robot Miss Streak 2 | . 2 Penetration Max . | . . Secondary Targets 1 | . 1 Max Gunslinging Chain 1 | . 1 Shots Hit Robots 22 | . 22 Core Hits 10 | . 10 Critical Kills . | . . Critical Parts Destroyed . | . . Critical Strikes . | . . Melee Attacks . | . . Impact . | . . Slashing . | . . Piercing . | . . Sneak Attacks . | . . Combat Hostiles . | . . Follow-up Attacks . | . . Damage Inflicted 405 | . 405 Guns 276 | . 276 Cannons . | . . Explosions 120 | . 120 Melee . | . . Ramming 9 | . 9 Kinetic 103 | . 103 Thermal 170 | . 170 Explosive . | . . Electromagnetic 123 | . 123 Impact . | . . Slashing . | . . Piercing . | . . Highest Corruption . | . . Average Corruption . | . . Corruption Purged . | . . Corruption Blocked . | . . Overload Shots . | . . Overflow Damage . | . . Projectiles . | . . Explosions . | . . Melee . | . . Knockbacks . | . . Impact . | . . Kinetic . | . . Secondary . | . . Self-Inflicted Damage . | . . Shots . | . . Rammed . | . . Targets Rammed 6 | . 6 Kicked 6 | . 6 Crushed . | . . Highest Temperature 78 | . 78 Average Temperature 31 | . 31 Received Heat Transfer 162 | . 162 Siege Activations . | . . Robots Corrupted . | . . Combat Hostiles . | . . Parts Fried . | . . Impact Corruptions . | . . Robots Melted . | . . Combat Hostiles . | . . Parts Melted . | . . Heat Transferred 348 | . 348 Parts Sabotaged . | . . Parts Stolen . | . . Parts Stripped . | . . Power Chain Reactions 1 | . 1 Missiles Intercepted . | . . Alert | -11 -10 ------- Run | Yrd Mat Peak Influence 96 | . 96 Initial . | . . Average 33 | . 33 Maximum Alert Level . | . . Low Security (%) 100 | . 100 Level 1 . | . . Level 2 . | . . Level 3 . | . . Level 4 . | . . Level 5 . | . . High Security . | . . Max Security . | . . Squads Dispatched . | . . Investigation . | . . Extermination . | . . Reinforcement . | . . Assault . | . . Garrison . | . . Intercept . | . . Searches Triggered . | . . Construction Impeded . | . . Haulers Reinforced . | . . Active Scanning Responses . | . . Cargo Convoy Interrupts . | . . Stealth | -11 -10 --------- Run | Yrd Mat Distress Signals 2 | . 2 Communications Jammed . | . . Distress Signals . | . . Times Spotted 12 | . 12 Peak Tracking Total 9 | . 9 Tactical Retreats . | . . Traps | -11 -10 ------- Run | Yrd Mat Traps Triggered . | . . Indirectly . | . . Trap Hack Attempts . | . . Triggered . | . . Disarmed . | . . Reprogrammed . | . . Reused . | . . Traps Extracted . | . . Installed . | . . Triggered . | . . Machines | -11 -10 ---------- Run | Yrd Mat Machines Disabled . | . . Max in Single Turn . | . . Machines Repaired . | . . Machines Dismantled . | . . Machines Sabotaged . | . . Overloaded Fab Kills . | . . Hacking | -11 -10 --------- Run | Yrd Mat Machines Accessed 1 | . 1 Terminals 1 | . 1 Fabricators . | . . Repair Stations . | . . Recycling Units . | . . Scanalyzers . | . . Garrison Access . | . . Total Hacks 3 | . 3 Successful 1 | . 1 Failed 2 | . 2 Catastrophic 1 | . 1 Database Lockouts . | . . Manual . | . . Terminals 3 | . 3 Fabricators . | . . Repair Stations . | . . Recycling Units . | . . Scanalyzers . | . . Garrison Access . | . . Terminal Hacks 1 | . 1 Branch Access Points 1 | . 1 Fabricator Hacks . | . . Repair Station Hacks . | . . Recycling Unit Hacks . | . . Scanalyzer . | . . Garrison Access Hacks . | . . Unauthorized Hacks . | . . Terminals . | . . Fabricators . | . . Repair Stations . | . . Recycling Units . | . . Scanalyzers . | . . Garrison Access . | . . Data Cores Recovered . | . . Used . | . . Hacking Detections 1 | . 1 Full Trace Events . | . . Feedback Events . | . . Feedback Blocked . | . . Robot Schematics Acquired . | . . Robots Built . | . . Authchips . | . . Time . | . . Total Robot Build Rating . | . . Part Schematics Acquired . | . . Parts Built . | . . Authchips . | . . Time . | . . Total Part Build Rating . | . . Parts Repaired . | . . Time . | . . Parts Recycled . | . . Recycled Matter . | . . Retrieved Matter . | . . Retrieved Components . | . . Parts Scanalyzed . | . . Part Schematics Acquired . | . . Parts Damaged . | . . Bothacking | -11 -10 ------------ Run | Yrd Mat Used RIF Installer . | . . Robots Hacked . | . . Non-combat . | . . Combat . | . . Robot Hacks Applied . | . . Relay Couplers Released . | . . Fabnet Peak Effective % . | . . Robots Rewired . | . . Allies Hacked . | . . Hacks Repelled . | . . Allies | -11 -10 -------- Run | Yrd Mat Total Allies . | . . Largest Group . | . . Highest-Rated Group . | . . Highest-Rated Ally . | . . Total Orders . | . . Ally Attacks . | . . Total Damage . | . . Kills . | . . Allies Corrupted . | . . Allies Melted . | . . Intel | -11 -10 ------- Run | Yrd Mat Robot Analysis Total . | . . Derelict Logs Recovered . | . . Drone Launches . | . . Drone Recoveries . | . . Exploration | -11 -10 ------------- Run | Yrd Mat Turns Passed 175 | . 175 Spaces Moved 95 | 1 94 Core 12 | . 12 Treads . | . . Legs 83 | 1 82 Wheels . | . . Hover . | . . Flight . | . . Fastest Speed 50 | 120 50 Average Speed 111 | 120 111 Slowest Speed 120 | 120 120 Overloaded Moves . | . . Propulsion Burnouts . | . . Robots Hopped . | . . Cave-ins Triggered . | . . Exploration Rate (%) 12 | 2 23 Regions Visited 1 Branch Regions . Pre-discovered Areas . | . . Known Exits Taken . | . . Unknown Exits Taken 1 | 1 . Scrap Searched . | . . Spaces Dug . | . . Terrain Destroyed 3 | . 3 Melee . | . . Projectile . | . . AOE 3 | . 3 Terrain Rammed . | . . Walls Destroyed . | . . Machines Disabled . | . . Actions | -11 -10 --------- Run | Yrd Mat Total 132 | . 132 Wait . | . . Move 94 | . 94 Hop . | . . Pick Up 5 | . 5 Fast Attach 1 | . 1 Attach . | . . Detach . | . . Swap 2 | . 2 Drop 7 | . 7 Fire 17 | . 17 Melee . | . . Ram . | . . Kick 6 | . 6 Crush . | . . Escape Stasis . | . . Rewire . | . . Trap . | . . Miscellaneous . | . . Route ------- -11/Scrapyard -10/Materials (discovered 1 exit: Min) History --------- Turn | Location | Event 1 | -11/Scrapyard | Discovered new exit (range 0) 1 | -11/Scrapyard | Entered Materials 25 | -10/Materials | Identified exit to Mines 161 | -10/Materials | Core integrity fell below 50% 170 | -10/Materials | Core integrity fell below 20% 176 | -10/Materials | Destroyed by S-10 Pest with Light Assault Rifle Last Messages --------------- 00124_ Dropped Lgt. Ion Engine. 00124_ Acquired Ion Engine. 00132_ O-16 Technician sends out distress signal. 00132_ O-16 Technician: "IFF HANDSHAKE FAILED. SECURING TERMINAL." 00133_ W-16 Scout sends out distress signal. 00137_ Chain reaction triggered in Lgt. Ion Engine. 00137_ O-16 Technician destroyed. 00137_ W-16 Scout destroyed. 00144_ Kicked S-10 Pest. 00148_ S-10 Pest destroyed. 00148_ Switching to secondary target: G-34 Mercenary. 00157_ Ion Engine destroyed. 00157_ Kicked S-10 Pest. 00162_ Aluminum Leg destroyed. 00162_ S-10 Pest destroyed. 00166_ Aluminum Leg destroyed. 00166_ Med. Laser destroyed. 00168_ Dropped Lgt. Treads. 00169_ Dropped EM Pulse Gun. 00170_ Dropped Sml. Storage Unit. Map ----- +----------------------------------------------------+ | ??????????????????????????????????????# #????? | | ?????????????????????????????????????? #????? | | ?????????????????????????????????????? #????? | | ??????????????????????????????????????# #????? | | ??????????????????????????????????????# #????? | | ??????????????????????????????????????# #????? | | ??????????????????????????????????????# #????? | | ??????????????????????????????????????# #????? | | ??????????????????????????????????????# #????? | | ??????????????????????????????????????# #????? | | ??????????????????????????????????????# #????? | | ??????????????????????????????????????# #????? | | ??????????????????????????????????????# #????? | | ????????## ################???????????# #????? | | ????????# ############# ##???? | | ????????+ [ = * !!!% !!== % ##### | | ????????# =% !=[ ############ !% | | ????????# #### ########??????????# [% | | ???????????????# ## #???????????# ! | | ???????????????# ## #???????????# ##### | | ???????????????# #?"" #???????????##### #???? | | ???????????????# #?"T #???????????????# #???? | | ???????????????# #??" ????????????????# #???? | | ??????????????## ##? ????????????????# #???? | | ??????????????# ###/######+####??????# #???? | | ??????????????# ! s @ #??????# #???? | | ??????????????# #??????# #???? | | ??????????????# %! #??????# #???? | | ??????????????# $%########### #??????# ##### | | ??????????????#### ##???????????? #??????# | | ????????????????## #?????????????????????# ### | | ?????????????????# #?????????????????????# #?? | | ?????????????????# #?????????????????????# #?? | | ?????????????????# #?????????????????????# #?? | | ?????????????????# #?????????????????????# #?? | | ?????????????????# ??????????????????????# #?? | | ?????????????????# ??????????????????????# #?? | | ?????????????????+ ??????????????????????# #?? | | ?????????????????# ??????????????????????# #?? | | ?????????????????? ??????????????????????# #?? | | ?????????????????? ?????????????????????? #?? | | ????????????????????????????????????????? #?? | | ????????????????????????????????????????? #?? | | ?????????????????????????????????????????# #?? | | ?????????????????????????????????????????? ??? | | ?????????????????????????????????????????? ??? | | ???????????????????????????????????????????????? | | ???????????????????????????????????????????????? | | ???????????????????????????????????????????????? | | ???????????????????????????????????????????????? | +----------------------------------------------------+ Best States ------------- Heat Dissipation 25 Energy Generation 10 Energy Capacity 250 Matter Stores 300 Matter Capacity 300 Sight Range 18 Terrain Scan Density 10 Evasion (%) 55 Item Schematics ----------------- None Robot Schematics ------------------ None Fabricated ------------ Nothing Alien Tech Used ----------------- None Achievements -------------- None Challenges ------------ None Game ------ Seed HypercooledLegMembrane Manual? 0 Play Time 00:03:17 Cumulative 596.7 hours Start 2024.01.16 @ 08:55:20 End 2024.01.16 @ 08:57:06 Sessions 1 Manual Loads 0 Difficulty Rogue Special Mode None Game No. 530 Rogue 257 Adventurer 123 Explorer 150 Win Type - Total 25 Types 19/0/4/1/0/0/0/1/0 Lore% 78 Gallery% 90 Achievement% 75 Wizard Run 0 Options --------- ASCII 0 Keyboard 1 Movement Numpad Keybinds 0 Fullscreen 2 Font 18/X11Bold Map View 76x50 Zoom Use 2% Tactical HUD 1 Map Filters NONE Filters NONE Steam 1 RUN: 8e334dcd-3f75-48be-9d45-1e257715ee1d